 Dungeon Crawl Stone Soup version 0.26-b1-32-g5d43845318 (webtiles) character file.

Game seed: 11269688133578825112

3908 DildoBatman the Magician (level 10, -2/76 HPs)
             Began as a Formicid Conjurer on Jan 6, 2021.
             Was a Believer of Kikubaaqudgha.
             Killed from afar by Maggie (17 damage)
             ... with a bolt of fire
             ... on level 8 of the Dungeon.
             The game lasted 00:35:36 (8711 turns).

DildoBatman the Magician (Formicid Conjurer)        Turns: 8711, Time: 00:35:36

Health: -2/76      AC: 11    Str: 12    XL:     10   Next: 43%
Magic:  7/20       EV: 17    Int: 27    God:    Kikubaaqudgha [**....]
Gold:   542        SH:  4    Dex: 12    Spells: 9/23 levels left

rFire    . . .     SeeInvis +   a - +7 dagger (elec)
rCold    . . .     Faith    .   A - +0 buckler
rNeg     . . .     Spirit   .   I - +0 leather armour (curse)
rPois    .         Reflect  .   (helmet unavailable)
rElec    .         Harm     .   (no cloak)
rCorr    .         Rampage  .   H - +0 pair of gloves {Dex+3}
Will     +....                  N - +0 pair of boots
Stlth    ++........             (no amulet)
HPRegen  0.22/turn              E - +6 ring of intelligence
MPRegen  0.17/turn              W - +4 ring of evasion

@: icy armour, marked
A: permanent stasis, dig shafts and tunnels, four strong arms, antennae 3
a: Dig, Shaft Self, Renounce Religion, Receive Corpses


You were on level 8 of the Dungeon.
You worshipped Kikubaaqudgha.
Kikubaaqudgha was pleased with you.
You visited 2 branches of the dungeon, and saw 9 of its levels.
You also visited: Ossuary.

You collected 542 gold pieces.

Inventory:

Hand Weapons
 a - a +7 dagger of electrocution (weapon)
 b - a +1 mace of protection
 c - a +0 hunting sling
 e - a +1 morningstar of flaming
Missiles
 f - 28 poisoned darts
 g - 371 stones
 j - 125 sling bullets
 p - 51 bolts
 v - 189 arrows
 B - 2 datura-tipped darts
Armour
 z - a scarf of harm
 A - a +0 buckler (worn)
 H - a +0 pair of gloves of dexterity (worn)
 I - a cursed +0 leather armour (worn)
 N - a +0 pair of boots (worn)
Magical Staves
 F - an uncursed staff of cold
Jewellery
 d - an uncursed ring of resist corrosion
 E - a +6 ring of intelligence (left hand)
 W - a +4 ring of evasion (right hand)
Wands
 h - a wand of random effects (16)
 q - a wand of polymorph (21)
 J - a wand of disintegration (15)
Scrolls
 n - 3 scrolls of fear
 r - a scroll of blinking {unknown}
 s - 3 scrolls of enchant armour
 t - 3 scrolls of random uselessness {unknown}
 x - 3 scrolls of remove curse
 D - 4 scrolls of fog
 G - 2 scrolls of vulnerability {unknown}
 K - a scroll of noise {unknown}
 O - a scroll of holy word {unknown}
Potions
 i - 4 potions of magic {unknown}
 k - 2 potions of flight {unknown}
 l - 2 potions of attraction {unknown}
 m - 2 potions of brilliance {unknown}
 o - 4 potions of mutation {unknown}
 u - 7 potions of lignification {unknown}
 w - 3 potions of might
 C - 4 potions of curing
 L - a potion of berserk rage {unknown}
 M - 2 potions of heal wounds {unknown}


   Skills:
 - Level 6.1 Fighting
 - Level 1.0 Short Blades
 - Level 6.1 Armour
 - Level 4.1 Dodging
 - Level 2.4 Stealth
 - Level 3.0 Shields
 - Level 7.0 Spellcasting
 - Level 6.0 Conjurations
 - Level 2.9 Necromancy
 * Level 5.7 Ice Magic


You had 9 spell levels left.
You knew the following spells:

 Your Spells              Type           Power        Failure   Level
a - Searing Ray           Conj           82%          1%          2
c - Magic Dart            Conj           100%         1%          1
d - Vampiric Draining     Necr           12%          7%          3
f - Frozen Ramparts       Ice            80%          1%          3
g - Ozocubu's Armour      Ice            40%          1%          3
z - Sublimation of Blood  Necr           12%          3%          2

Your spell library contained the following spells:

 Spells                   Type           Power        Failure   Level
 Freeze                   Ice            100%         1%          1
 Animate Skeleton         Necr           50%          2%          1
 Pain                     Necr           100%         2%          1
 Dazzling Flash           Conj/Hex       50%          6%          3
 Hailstorm                Conj/Ice       41%          6%          4
 Apportation              Tloc           18%          7%          1
 Corona                   Hex            10%          7%          1
 Summon Small Mammal      Summ           36%          7%          1
 Fulminant Prism          Conj/Hex       12%          21%         4
 Iskenderun's Mystic Bla  Conj/Tloc      25%          21%         4
 Summon Ice Beast         Ice/Summ       24%          22%         4


Dungeon Overview and Level Annotations

Branches:
Dungeon (8/15)             Temple (1/1) D:6         Ossuary (visited)
   Lair: D:8-11

Altars:
Ashenzari
Cheibriados
Dithmenos
Elyvilon
Fedhas
Gozag
Hepliaklqana
Kikubaaqudgha
Makhleb
Nemelex Xobeh
Okawaru
Qazlal
Ru
Sif Muna
Trog
Uskayaw
Vehumet
Wu Jian
Xom
Yredelemnul
Zin
The Shining One

Shops:
D:8 [

Annotations:
D:5 exclusion: Executioner
D:6 1 runed translucent door, Seysh's ghost, novice MiFi
D:8 Maggie


Innate Abilities, Weirdness & Mutations

You cannot be hasted, slowed, berserked, paralysed or teleported.
You can dig through walls and to a lower floor.
Your four strong arms can wield two-handed weapons with a shield.
You have a pair of large antennae on your head. (SInv)


Message History

The searing ray hits Harold!
You kill Harold!
Kikubaaqudgha accepts your kill. (Press . to maintain the ray.) Training target 1.0 for Short Blades reached!
Your Short Blades skill increases to level 1!
Your Ice Magic skill gained 2 levels and is now at level 5!
The searing ray hits Maggie!
Maggie is moderately wounded.
Maggie hits you with a +0 broad axe!
The searing ray hits Maggie but does no damage.
Maggie is lightly wounded.
The searing ray hits Maggie.
Maggie is moderately wounded.
You finish channeling your searing ray.
Maggie practices a pose.
Maggie points at you and mumbles some strange words.
The bolt of fire hits you!
You die...
Kikubaaqudgha rasps: "You have failed me!
Welcome... death!"

#..# #####.### ####
#..# ##{#.#...# #..#
##.#.#.##.# #..#
#.#######.# #..# ##.#
##.## #..#######{##
##...##
#.......###.####..#..#
#.#####.##@##....###.#
###
#.......###@#.##..#..#
#..
######..#####.###....#
#.# #.........# ##.#.#
#.. ##..#######
#.#.#####.. ##.#
#.#........
#.##########.#.....##.
#)....................
############..........
###.....###


You could see Maggie.

Vanquished Creatures
  Harold (D:8)
  A hornet (D:6)
  Grinder (D:4)
  An ice beast (D:7)
  A black bear (D:7)
  A phantom (D:6)
  A boggart (D:6)
  3 ogres
  6 centaurs
  Blork the orc (D:3)
  A bullfrog (D:8)
  3 water moccasin zombies (Ossuary)
  A wyvern zombie (D:6)
  A scorpion (D:6)
  3 killer bees (D:8)
  3 wights (D:7)
  A howler monkey (D:8)
  A bullfrog zombie (D:7)
  3 hounds
  3 orc priests (D:4)
  A centaur skeleton (D:5)
  A jelly (D:5)
  2 iguanas
  A bullfrog skeleton (D:5)
  Ijyb (D:4)
  Natasha (thrice) (D:3)
  An orc wizard (D:4)
  6 worker ants
  2 mummies (Ossuary)
  Robin (D:4)
  3 worker ant zombies
  A howler monkey skeleton (D:6)
  19 adders
  2 shadow imps
  A white imp (D:7)
  An ooze (D:4)
  2 ufetubi
  7 adder zombies
  2 adder skeletons
  3 worms
  2 leopard geckos
  9 orcs
  7 bats
  3 giant cockroaches
  3 gnoll zombies (Ossuary)
  13 goblins
  11 hobgoblins
  10 jackals
  2 quokkas
  2 ball pythons
  7 frilled lizards
  A giant cockroach zombie (D:6)
  A hobgoblin zombie (Ossuary)
  4 kobolds
  4 kobold zombies (Ossuary)
  9 orc zombies (Ossuary)
  A quokka skeleton (D:7)
  A quokka zombie (D:6)
  12 rats
199 creatures vanquished.

Vanquished Creatures (others)
  A hobgoblin zombie (Ossuary)
  2 withered plants (D:6)
3 creatures vanquished.

Grand Total: 202 creatures vanquished

Notes
Turn   | Place    | Note
-------+----------+-------------------------------------------
     0 | D:1      | DildoBatman the Formicid Conjurer began the quest for the
                  | Orb.
     0 | D:1      | Reached XP level 1. HP: 13/13 MP: 3/3
   144 | D:1      | Reached XP level 2. HP: 19/19 MP: 1/5
   162 | D:1      | Learned a level 2 spell: Searing Ray
   680 | D:1      | Reached XP level 3. HP: 24/24 MP: 3/6
  1002 | D:2      | Found a bloodstained altar of Trog.
  1240 | D:2      | Reached XP level 4. HP: 30/30 MP: 5/7
  1530 | D:2      | Reached skill level 5 in Conjurations
  1743 | D:2      | Found a broken altar of Ashenzari.
  1866 | D:3      | Found a bloodstained altar of Trog.
  2098 | D:3      | Found a burning altar of Makhleb.
  2121 | D:3      | Reached skill level 1 in Shields
  2311 | D:3      | Reached XP level 5. HP: 35/35 MP: 3/8
  2637 | D:4      | Noticed Grinder
  2735 | D:4      | Noticed Blork the orc
  2822 | D:4      | Noticed Natasha
  2972 | D:4      | Noticed an ogre
  2995 | D:4      | Killed an ogre
  2996 | D:4      | Reached skill level 1 in Fighting
  2996 | D:4      | Reached skill level 1 in Armour
  2996 | D:4      | Reached XP level 6. HP: 43/43 MP: 2/10
  3062 | D:4      | Found a basalt altar of Yredelemnul.
  3155 | D:4      | Reached skill level 3 in Spellcasting
  3155 | D:4      | Reached XP level 7. HP: 26/50 MP: 1/11
  3916 | D:4      | Found a bloodstained altar of Trog.
  4418 | D:5      | Entered Level 5 of the Dungeon
  4760 | D:5      | Found a stormy altar of Qazlal.
  5074 | D:5      | Reached XP level 8. HP: 58/58 MP: 7/13
  5172 | D:5      | Found a burning altar of Makhleb.
  5172 | D:5      | Noticed an Executioner
  5175 | D:5      | Noticed a smoke demon
  5175 | D:5      | Noticed an orange demon
  5411 | D:6      | Reached skill level 4 in Spellcasting
  5412 | D:6      | Found a runed translucent door.
  5416 | D:6      | Noticed Seysh's ghost (novice MiFi)
  5523 | D:6      | Found a sand-covered staircase.
  5602 | Ossuary  | Entered an ossuary
  5965 | D:6      | Found an ornate altar of the Wu Jian Council.
  5975 | D:6      | Found a hazy altar of Hepliaklqana.
  6010 | D:6      | Found a staircase to the Ecumenical Temple.
  6015 | Temple   | Entered the Ecumenical Temple
  6376 | D:7      | Found an ancient bone altar of Kikubaaqudgha.
  6382 | D:7      | Became a worshipper of Kikubaaqudgha
  6398 | D:7      | Reached skill level 5 in Spellcasting
  6400 | D:7      | Reached XP level 9. HP: 67/67 MP: 10/16
  6419 | D:7      | Reached skill level 5 in Fighting
  6419 | D:7      | Reached skill level 5 in Armour
  6518 | D:4      | Noticed Ijyb
  6519 | D:4      | Noticed Robin
  6533 | D:4      | Killed Ijyb
  6575 | D:4      | Killed Robin
  6673 | D:3      | Killed Blork the orc
  6702 | D:3      | Killed Natasha
  6729 | D:3      | Noticed Natasha
  6736 | D:3      | Killed Natasha
  6737 | D:3      | Reached skill level 6 in Spellcasting
  6781 | D:3      | Noticed Natasha
  6786 | D:3      | Killed Natasha
  6826 | D:4      | Killed Grinder
  6827 | D:4      | Reached skill level 7 in Spellcasting
  6955 | D:6      | Reached * piety under Kikubaaqudgha
  6955 | D:6      | Identified Kikubaaqudgha's Disquisition on Black Rituals
                  | (Kikubaaqudgha gifted it to you on level 6 of the Dungeon)
  6955 | D:6      | Received a gift from Kikubaaqudgha
  6962 | D:6      | Learned a level 2 spell: Sublimation of Blood
  6966 | D:6      | Learned a level 3 spell: Vampiric Draining
  7022 | D:6      | Noticed a hornet
  7030 | D:6      | Killed a hornet
  7031 | D:6      | Reached skill level 1 in Necromancy
  7844 | D:7      | Reached XP level 10. HP: 71/76 MP: 13/20
  7893 | D:7      | Reached ** piety under Kikubaaqudgha
  8054 | D:7      | Learned a level 3 spell: Ozocubu's Armour
  8058 | D:7      | Learned a level 3 spell: Frozen Ramparts
  8268 | D:8      | Reached skill level 1 in Ice Magic
  8342 | D:8      | Noticed Harold
  8575 | D:8      | Found Veohim Devo's Armour Shop.
  8677 | D:8      | Noticed Maggie
  8708 | D:8      | Killed Harold
  8709 | D:8      | Reached skill level 1 in Short Blades
  8709 | D:8      | Reached skill level 5 in Ice Magic
  8711 | D:8      | Killed from afar by Maggie

Illustrated notes

Levels and vault maps discovered:
D:1:      mushboom_english_gardens, layout_rooms, bh_walls_and_bars
D:2:      layout_loops_corners, marbit_many_paths, minivault_19, minivault_14,
          bloody_trog
D:3:      layout_basic, lemuel_doored_altar, lightli_temple_of_fire,
          minmay_misc_feat_rows, patterned_corridor
D:4:      cheibrodos_pilgrimage, layout_rooms, kennysheep_mini,
          small_statue_intersection, trog_three_pillars_becter, uniq_grinder,
          uniq_ijyb, uniq_natasha, uniq_robin, uniq_blork_the_orc
D:5:      layout_loops_corners, nicolae_qazlal_general_emergency,
          makhleb_altar_promises_db
D:6:      layout_gridville, nzn_wu_jian_council_hall, overflow_temple_1_default,
          minmay_temple_entry_steel_oval, gammafunk_ghost_grave,
          nicolae_ossuary_entry_plus, serial_undead, serial_undead_a,
          serial_undead_d, serial_undead_e, serial_undead_e, serial_undead_b,
          serial_undead_e
D:7:      layout_loops_ring, lemuel_crystal_altar,
          chequers_serial_rivers_large_a
D:8:      layout_loops_ring, minmay_shop_grid_forest, uniq_maggie,
          uniq_prince_ribbit1, uniq_harold
Temple:   dpeg_chambers_temple

Skill      XL: |  1  2  3  4  5  6  7  8  9 10 |
---------------+-------------------------------+-----
Conjurations   | 4 5 6 |  6.0
Shields        | 1 3 |  3.0
Fighting       | 1 2 3 4 6 |  6.1
Armour         | 1 2 3 4 6 |  6.1
Spellcasting   | 3 5 7 |  7.0
Dodging        | 2 3 4 |  4.1
Necromancy     | 2 |  2.9
Ice Magic      | 5 |  5.7
Short Blades   | 1 |  1.0
Stealth        | |  2.4

Action                   |  1- 3 |  4- 6 |  7- 9 | 10-12 || total
-------------------------+-------+-------+-------+-------++-------
Melee: Unarmed           |     2 |       |       |       ||     2
       Club              |    11 |       |       |       ||    11
       Dagger            |     2 |    15 |    85 |     9 ||   111
 Cast: Magic Dart        |    51 |    40 |    55 |     3 ||   149
       Searing Ray       |     3 |     9 |    61 |    21 ||    94
       Ozocubu's Armour  |       |       |       |     1 ||     1
       Frozen Ramparts   |       |       |       |     1 ||     1
 Abil: Dig               |     1 |     3 |    18 |     1 ||    23
Evoke: Wand              |       |       |     1 |       ||     1
  Use: Scroll            |       |     2 |     7 |     4 ||    13
 Stab: Sleeping          |       |     2 |     4 |       ||     6
Armor: Robe              |     5 |     3 |     8 |       ||    16
       Leather armour    |       |       |     9 |     3 ||    12
Dodge: Dodged            |    14 |    14 |   117 |    10 ||   155
Block: Buckler           |       |     1 |    40 |     2 ||    43
